 Dungeon Crawl Stone Soup version 0.28-a0-1234-g826d19b2e0 (webtiles) character file.

Game seed: 9822114388429366303

46 SensoryNuts the Shield-Bearer (level 3, 0/36 HPs)
             Began as a Troll Fighter on Dec 23, 2021.
             Slain by Grinder (2 damage)
             ... on level 3 of the Dungeon.
             The game lasted 00:01:46 (1746 turns).

SensoryNuts the Shield-Bearer (Troll Fighter)       Turns: 1746, Time: 00:01:47

Health: 0/36       AC:  4    Str: 26    XL:     3   Next: 44%
Magic:  2/2        EV:  8    Int:  4    God:
Gold:   39         SH:  7    Dex:  9    Spells: 2/2 levels left

rFire   . . .      SeeInvis .   a - +1 flail
rCold   . . .      Faith    .   c - +0 kite shield
rNeg    . . .      Spirit   .   b - +0 robe
rPois   .          Reflect  .   (helmet restricted)
rElec   .          Harm     .   (no cloak)
rCorr   .          Rampage  .   (gloves unavailable)
Will    .....                   (boots unavailable)
Stlth   +.........              (no amulet)
HPRegen 0.92/turn               (no ring)
MPRegen 0.08/turn               (no ring)

@: mighty
A: large, unfitting armour, claws 3, regeneration 1, shaggy fur 1, tough skin 1
a: no special abilities


You were on level 3 of the Dungeon.
You visited 1 branch of the dungeon, and saw 3 of its levels.

You collected 39 gold pieces.

Inventory:

Hand Weapons
 a - a +1 flail (weapon)
Armour
 b - a +0 robe (worn)
 c - a +0 kite shield (worn)
Scrolls
 e - a scroll of identify
 h - a scroll of blinking
Potions
 d - a potion of might


   Skills:
 + Level 2.7 Fighting
 + Level 2.3 Maces & Flails
 + Level 2.8 Dodging
 + Level 0.1 Stealth
 + Level 2.8 Shields


You had 2 spell levels left.
You didn't know any spells.
Your spell library was empty.

Dungeon Overview and Level Annotations

Branches:
Dungeon (3/15)

Altars:
Ru

Annotations:
D:3 Grinder


Innate Abilities, Weirdness & Mutations

You are too large for most types of armour.
You have claws for hands.
Your natural rate of healing is unusually fast.
You are covered in fur. (AC +1)
You have tough skin. (AC +1)


Message History

Grinder is lightly wounded.
Grinder hits you.
You writhe in agony.
You hit Grinder.
Grinder is moderately wounded.
Grinder hits you but does no damage. Grinder gestures at you.
You suddenly lose the ability to move!
Grinder hits you.
You writhe in agony.
* * * LOW HITPOINT WARNING * * *
Grinder hits you but does no damage. x2
Grinder gestures at you. Pain shoots through your body!
* * * LOW HITPOINT WARNING * * *
Grinder blinks!
You can move again.
You feel very mighty all of a sudden.
Okay, then.
An orc comes into view. It is wielding a +0 club.
The orc shouts!
The orc moves out of view.
A kobold comes into view. It is wielding a +0 club.
Found a stone staircase leading down.
The orc hits you with a +0 club.
* * * LOW HITPOINT WARNING * * *
The kobold shouts!
The orc hits you but does no damage.
Unknown command.
You sock the orc!
You kill the orc!
You barely miss Grinder.
Grinder is lightly wounded.
Grinder hits you!
* * * LOW HITPOINT WARNING * * *
You writhe in agony.
* * * LOW HITPOINT WARNING * * *
You sock Grinder!
Grinder is moderately wounded.
Grinder hits you.
* * * LOW HITPOINT WARNING * * *
You writhe in agony.
You die...

### ..# #.# #.# #.# #.#
#.# #.# #@# #.# #### #5#
#.#. .....##K#####.#.#
........>..##.#.########
......#.#####.#.........
##.##.#...5..)..#<#### #
# #.#####.#.#....#
#.#.....#.#.##.#
#.#.#..5.....#.#


You could see Grinder and a kobold.

Vanquished Creatures
  An adder (D:2)
  A dart slug (D:1)
  An orc (D:3)
  A ball python (D:1)
  5 bats
  3 endoplasms
  2 giant cockroaches
  6 hobgoblins
  A quokka (D:2)
  4 frilled lizards
  4 kobolds
  A rat (D:1)
30 creatures vanquished.

Vanquished Creatures (others)
  A withered plant (D:1)
1 creature vanquished.

Grand Total: 31 creatures vanquished

Notes
Turn   | Place    | Note
-------+----------+-------------------------------------------
     0 | D:1      | SensoryNuts the Troll Fighter began the quest for the Orb.
     0 | D:1      | Reached XP level 1. HP: 22/22 MP: 0/0
    40 | D:1      | Found a faded altar of an unknown god.
   399 | D:1      | Reached XP level 2. HP: 29/29 MP: 1/1
   979 | D:1      | Prayed at the altar of an unknown god.
   979 | D:1      | Became a worshipper of Ru the Awakened
   995 | D:1      | Fell from the grace of Ru
  1403 | D:2      | Reached XP level 3. HP: 22/36 MP: 2/2
  1717 | D:3      | Noticed Grinder
  1726 | D:3      | Paralysed by Grinder for 7 turns
  1746 | D:3      | Slain by Grinder

Illustrated notes

Levels and vault maps discovered:
D:1:      dpeg_arrival_erosion, layout_loops_corners,
          shapermc_ecumenical_altar_flowoftime
D:2:      cheibrodos_helix_gallery, layout_basic
D:3:      layout_basic, uniq_grinder, uniq_natasha, uniq_sigmund

Skill      XL: |  1  2 |
---------------+-------+-----
Maces & Flails | 2 |  2.3
Fighting       | |  2.7
Dodging        | |  2.8
Stealth        | |  0.1
Shields        | |  2.8

Action                   || total
-------------------------++-------
Melee: Flail             ||   101
Invok: Renounce Religion ||     1
  Use: Potion            ||     5
       Scroll            ||     3
Armor: Robe              ||    31
Dodge: Dodged            ||    41
Block: Kite shield       ||    35

Table legend: (Time is in decaauts)
 A = Elapsed time spent in this place.
 B = Non-inter-level travel time spent in this place.
 C = Inter-level travel time spent in this place.
 D = Time resting spent in this place.
 E = Time spent auto-exploring this place.
 F = Levels seen in this place.
 G = Mean time per level.
                   A        B        C        D        E       F      G
               +--------+--------+--------+--------+--------+-----+--------+
         Total |   1797 |   1761 |     36 |      0 |   1453 |   3 |  599.0 |
       Dungeon |   1797 |   1761 |     36 |      0 |   1453 |   3 |  599.0 |
               +--------+--------+--------+--------+--------+-----+--------+

Top non-repeatable levels by time:
     D:1: 1024 daAuts
     D:2: 720 daAuts
     D:3: 52 daAuts
